 Dungeon Crawl Stone Soup version 0.25.1-2-g60ff931df9 (webtiles) character file.

Game seed: 11078030748170497701

32 Martska the Skirmisher (level 3, 0/34 HPs)
             Began as a Naga Fighter on Aug 13, 2020.
             Killed from afar by Natasha (1 damage)
             ... with a magic dart
             ... on level 1 of the Dungeon.
             The game lasted 00:02:16 (1170 turns).

Martska the Skirmisher (Naga Fighter)               Turns: 1170, Time: 00:02:16

Health: 0/34       AC:  6    Str: 18    XL:     3   Next: 27%
Magic:  3/3        EV:  5    Int:  9    God:
Gold:   68         SH:  8    Dex: 10    Spells: 2/2 levels left

rFire    . . .     SeeInvis +   a - +0 trident
rCold    . . .     Gourm    .   c - +0 kite shield
rNeg     . . .     Faith    .   b - +0 scale mail
rPois    +         Spirit   .   (no helmet)
rElec    .         Reflect  .   j - +1 cloak
rCorr    .         Harm     .   (no gloves)
MR       .....                  (no barding)
Stlth    ..........             (no amulet)
HPRegen  0.11/turn              (no ring)
MPRegen  0.08/turn              (no ring)

@: very slow
A: large, see invisible, deformed body, poison resistance, slowness 2, slow
metabolism 1, spit poison 1, AC +1
a: Spit Poison


You were on level 1 of the Dungeon.
You were not hungry.

You visited 1 branch of the dungeon, and saw 2 of its levels.

You collected 68 gold pieces.

Inventory:

Hand Weapons
 a - a +0 trident (weapon)
Armour
 b - a +0 scale mail (worn)
 c - a +0 kite shield (worn)
 j - a +1 cloak (worn)
Scrolls
 h - a scroll of identify {unknown}
 k - a scroll of fear {unknown}
Potions
 d - a potion of might
 e - a potion of lignification {unknown}
 i - a potion of curing {unknown}
 l - a potion of flight {unknown}
Comestibles
 f - 2 rations


   Skills:
 * Level 3.4 Fighting
 * Level 2.6 Polearms
 - Level 2.4 Armour
 + Level 0.6 Dodging
 + Level 2.6 Shields


You had 2 spell levels left.
You didn't know any spells.
Your spell library was empty.

Dungeon Overview and Level Annotations

Branches:
Dungeon (2/15)

Altars:

Annotations:
D:1 Natasha


Innate Abilities, Weirdness & Mutations

You cannot wear boots.
Your serpentine skin is tough. (AC +1)
You have supernaturally acute eyesight. (SInv)
Armour fits poorly on your strangely shaped body.
Your system is resistant to poisons. (rPois)
You cover ground very slowly.
You have a slow metabolism.
You can spit poison.


Message History

You hit Natasha.
Natasha is severely wounded.
Natasha claws you.
Natasha mumbles some strange words.
You closely miss Natasha.
Natasha is severely wounded.
Natasha mumbles some strange words.
The white imp shouts, "Remove thy stench, thou skyhacking beef-witted coxcomb!"
The white imp gestures at you. The puff of frost hits you!
* * * LOW HITPOINT WARNING * * *
You hit Natasha.
Natasha is almost dead.
Natasha casts a spell.
The crimson imp hits you but does no damage.
You miss Natasha.
Natasha is almost dead.
Natasha stares at you and mumbles some strange words.
The magic dart hits you.
You die...

####################
#######################
#.)...................#
#.###################.# #.#
############.#
#.########.........##.#
#..................##.#
#########......h.5.##.#
.............5.5@...#.#
#######.#...........#.# #
#.#...........#.# #
#.#...........#.######## #
#.#...........#.....(..#
#######.#.######+##.########.###
........#.#...[................#
#########........###########.###
###########.####.##........#...#


You could see Natasha, 2 crimson imps and a white imp (summoned).

Vanquished Creatures
  2 oozes (D:1)
  2 giant cockroaches (D:1)
  2 hobgoblins (D:1)
  2 jackals (D:1)
  6 bats (D:1)
  5 frilled lizards (D:1)
  2 goblins (D:1)
  2 kobolds (D:1)
  A rat (D:1)
24 creatures vanquished.

Notes
Turn   | Place    | Note
-------+----------+-------------------------------------------
     0 | D:1      | Martska the Naga Fighter began the quest for the Orb.
     0 | D:1      | Reached XP level 1. HP: 21/21 MP: 1/1
   264 | D:1      | Reached XP level 2. HP: 20/28 MP: 2/2
   581 | D:1      | Reached XP level 3. HP: 32/34 MP: 3/3
  1155 | D:2      | Noticed Natasha
  1168 | D:1      | HP: 1/34 [white imp/puff of frost[Natasha] (10)]
  1170 | D:1      | Killed from afar by Natasha

Illustrated notes

Levels and vault maps discovered:
D:1:      dpeg_arrival_round_b, layout_basic
D:2:      layout_loops_ring, uniq_robin, uniq_natasha

Action                   || total
-------------------------++-------
Melee: Trident           ||   100
Armor: Scale mail        ||    52
Dodge: Dodged            ||    19
Block: Kite shield       ||    47
